 Dungeon Crawl Stone Soup version 0.22-a0-417-g1387785 (webtiles) character file.

19412 galech the Fighter (level 12, -20/126 HPs)
             Began as a Troll Monk on May 14, 2018.
             Was a High Priest of Okawaru.
             Demolished by a spiny frog (31 damage)
             ... on level 2 of the Lair of Beasts.
             The game lasted 00:32:30 (13675 turns).

galech the Fighter (Troll Monk)                    Turns: 13675, Time: 00:32:31

Health: -20/126    AC:  8    Str: 25    XL:     12   Next: 36%
Magic:  13/15      EV: 20    Int:  6    God:    Okawaru [*****.]
Gold:   841        SH:  0    Dex: 13    Spells: 9/11 levels left

rFire    + . .     SeeInvis .   J - +9 staff of Olgreb {rPois}
rCold    . . .     Gourm    +   (no shield)
rNeg     + . .     Faith    .   N - +2 robe {rN+}
rPois    ∞         Spirit   .   (helmet restricted)
rElec    .         Reflect  .   e - +0 cloak
rCorr    .         Harm     +   (gloves unavailable)
MR       .....                  (boots unavailable)
Stlth    +++.......             Y - amulet of harm
HPRegen  0.71/turn              P - +2 ring of evasion
MPRegen  0.14/turn              C - ring of protection from fire

@: heroism
A: large, unfitting armour, claws 3, fast metabolism 3, gourmand, regeneration
1, shaggy fur 1, tough skin 2
a: Heroism, Finesse, Renounce Religion


You were on level 2 of the Lair of Beasts.
You worshipped Okawaru.
Okawaru was extremely pleased with you.
You were not hungry.

You visited 3 branches of the dungeon, and saw 14 of its levels.

You collected 841 gold pieces.

Inventory:

Hand Weapons
 D - the +3 trident of Impeachment {pain, Stlth+}
   (You found it on level 5 of the Dungeon)

   In the hands of one skilled in necromantic magic, it inflicts extra damage on
   living creatures.
   It makes you more stealthy.
 J - the +9 staff of Olgreb (weapon) {rPois}
   (You found it on level 6 of the Dungeon)

   It protects you from poison.
 R - the +4 quarterstaff "Leckosik" {venom, *Noise rF+ MR++ Int+3}
   (You found it on level 9 of the Dungeon)

   It poisons the flesh of those it strikes.
   It affects your intelligence (+3).
   It protects you from fire.
   It affects your resistance to hostile enchantments.
   It may make noises in combat.
Missiles
 g - 140 sling bullets
Armour
 a - a +0 robe
 e - a +0 cloak (worn)
 y - a +2 robe
 B - a +0 shield
 N - a +2 robe of positive energy (worn)
Jewellery
 m - an uncursed amulet of rage
 n - an uncursed ring of flight
 r - an uncursed ring of stealth
 C - a ring of protection from fire (right claw)
 G - an uncursed ring of protection from magic
 P - a +2 ring of evasion (left claw)
 U - an uncursed ring of protection from cold
 V - an uncursed ring of ice
 Y - an amulet of harm (around neck)
Wands
 M - a wand of digging (17)
 O - a wand of polymorph (6)
 S - a wand of acid (7)
 W - a wand of random effects (28)
 X - a wand of paralysis (17)
Scrolls
 d - 4 scrolls of magic mapping
 h - 2 scrolls of enchant weapon
 j - 7 scrolls of amnesia
 o - 5 scrolls of remove curse
 t - 2 scrolls of fog
 w - 2 scrolls of enchant armour
 x - 3 scrolls of noise
 E - 2 scrolls of blinking
 F - 2 scrolls of teleportation
 H - 2 scrolls of fear
 I - a scroll of silence
 T - 4 scrolls of identify
Potions
 c - 6 potions of lignification
 f - a potion of cancellation {unknown}
 i - 4 potions of heal wounds {unknown}
 k - a potion of flight {unknown}
 l - a potion of mutation {unknown}
 p - a potion of magic {unknown}
 q - 2 potions of invisibility {unknown}
 s - 3 potions of curing {unknown}
 u - 3 potions of agility {unknown}
 v - a potion of resistance {unknown}
 z - 2 potions of might {unknown}
 A - 3 potions of degeneration {unknown}
 K - 2 potions of haste {unknown}
 L - a potion of berserk rage {unknown}
 Q - 2 potions of brilliance {unknown}
Comestibles
 b - 25 rations


   Skills:
 + Level 9.7(14.7) Fighting
 * Level 6.8(11.8) Staves
 - Level 9.1(14.1) Dodging
 - Level 1.0(6.0) Stealth
 + Level 2.5(7.5) Shields
 - Level 9.0(14.0) Unarmed Combat
 + Level 5.4 Evocations


You had 9 spell levels left.
You knew the following spells:

 Your Spells              Type           Power        Failure   Level  Hunger
a - Swiftness             Chrm/Air       #.......     58%         2    ###....

Your spell library contained the following spells:

 Spells                   Type           Power        Failure   Level  Hunger
 Magic Dart               Conj           #...         45%         1    ##.....
 Conjure Flame            Conj/Fire      #.......     83%         3    ####...
 Lightning Bolt           Conj/Air       #.........   100%        5    ######.
 Slow                     Hex            #.......     58%         2    ###....
 Mephitic Cloud           Conj/Pois/Air  #.......     83%         3    ####...
 Blink                    Tloc           N/A          58%         2    ###....
 Call Imp                 Summ           #.......     58%         2    ###....
 Shock                    Conj/Air       #...         45%         1    ##.....
 Airstrike                Air            #.........   99%         4    #####..
 Static Discharge         Conj/Air       #.......     83%         3    ####...


Dungeon Overview and Level Annotations

Branches:
Dungeon (11/15)            Temple (1/1) D:7            Lair (2/6) D:8
  Swamp: Lair:2-4    Shoals: Lair:2-4     Snake: Lair:2-4    Spider: Lair:2-4
    Orc: D:9-12

Altars:
Ashenzari
Cheibriados
Dithmenos
Elyvilon
Fedhas
Hepliaklqana
Kikubaaqudgha
Makhleb
Nemelex Xobeh
Okawaru
Qazlal
Ru
Sif Muna
Trog
Uskayaw
Vehumet
Wu Jian
Xom
Zin
The Shining One


Innate Abilities, Weirdness & Mutations

You are too large for most types of armour.
You have claws for hands.
Your metabolism is lightning-fast.
You like to eat raw meat.
Your natural rate of healing is unusually fast.
You are covered in fur. (AC +1)
You have very tough skin. (AC +2)


Message History

You are too injured to fight recklessly!
You are too injured to fight recklessly!
You are too injured to fight recklessly!
You are too injured to fight recklessly!
You are too injured to fight recklessly!
You are too injured to fight recklessly!
You are too injured to fight recklessly!
You are too injured to fight recklessly!
You are too injured to fight recklessly!
You miss the water moccasin.
The water moccasin is severely wounded.
The water moccasin closely misses you. The spiny frog stings you!!
* * * LOW HITPOINT WARNING * * *
The water moccasin barely misses you. The spiny frog stings you!
* * * LOW HITPOINT WARNING * * *
The water moccasin bites the plant but does no damage.
You gain the combat prowess of a mighty hero.
The spiny frog stings you!!
You die...

#.......## #.......P#
#........# #........#
#.......# #.......#
#P'P.### ####### #
###S....# #.#.#.##.##.
#@#.##.P##### #..........#
##F........P# ##..........#
##.......... .............#
#(......+(# .............#
#........# .#....>.....+
#........#
............#..###)......P#
.#..........##............#
.P.........>P###.+.†....P.#


You could see a spiny frog.

Vanquished Creatures
  5 two-headed ogres
  Erica (D:9)
  Urug (D:11)
  Sonja (D:11)
  The ghost of tstbtto the Cleaver, a novice GrFi of Ru (D:8)
  Pikel (D:9)
  A deep elf mage (D:10)
  A cyclops (D:11)
  2 ugly things (D:9)
  A spiny frog (Lair:1)
  2 trolls
  3 polar bears (D:8)
  A hornet (D:9)
  3 hippogriffs
  Sigmund (D:4)
  7 yaks
  2 wyverns (D:8)
  A basilisk (Lair:2)
  2 hungry ghosts (D:7)
  5 soldier ants (D:6)
  6 water moccasins
  3 orc warriors
  The ghost of galech the Fighter, an amateur GnWn (D:3)
  2 phantoms (D:8)
  2 sky beasts (D:9)
  6 ice beasts
  5 ogres
  A necrophage (D:8)
  A wolf (D:8)
  An eye of draining (D:11)
  2 centaurs
  3 crocodiles
  2 big kobolds
  17 bullfrogs
  16 killer bees
  5 scorpions
  A water moccasin skeleton (D:10)
  3 wights (D:9)
  2 electric eels (D:8)
  3 howler monkeys (D:9)
  6 crimson imps
  A quasit (D:6)
  4 centaur skeletons
  3 jellies
  6 orc priests
  3 hounds
  Terence (D:3)
  3 iguanas
  Natasha (thrice) (D:3)
  10 orc wizards
  9 worker ants
  A centaur simulacrum (D:8)
  2 hound skeletons (D:5)
  A worker ant zombie (D:10)
  Robin (D:3)
  3 gnolls (D:10)
  16 adders
  A shadow imp (D:9)
  7 white imps
  A worker ant simulacrum (D:8)
  2 ufetubi (D:8)
  2 oozes
  An adder zombie (D:7)
  An adder skeleton (D:5)
  A worm (D:2)
  3 dart slugs
  An adder simulacrum (D:8)
  11 leopard geckos
  30 orcs
  10 bats
  10 giant cockroaches
  14 hobgoblins
  16 jackals
  5 quokkas
  4 ball pythons
  5 frilled lizards
  13 goblins
  10 kobolds
  A leopard gecko zombie (D:7)
  6 rats
352 creatures vanquished.

Vanquished Creatures (others)
  3 slaves (D:9)
  A bullfrog (D:9)
  A wight (D:9)
  3 fungi
  A plant (D:8)
9 creatures vanquished.

Grand Total: 361 creatures vanquished

Notes
Turn   | Place    | Note
-------+----------+-------------------------------------------
     0 | D:1      | galech the Troll Monk began the quest for the Orb.
     0 | D:1      | Reached XP level 1. HP: 22/22 MP: 0/0
   107 | D:1      | Reached XP level 2. HP: 29/29 MP: 1/1
   340 | D:1      | Reached XP level 3. HP: 36/36 MP: 2/2
  1041 | D:2      | Found an ornate altar of the Wu Jian Council.
  1267 | D:2      | Found a glowing golden altar of the Shining One.
  1368 | D:2      | Reached XP level 4. HP: 43/45 MP: 3/3
  1529 | D:2      | Found a shimmering altar of Xom.
  1866 | D:3      | Noticed galech's ghost (amateur GnWn)
  1879 | D:3      | HP: 2/45 [galech's ghost (2)]
  1882 | D:3      | Killed galech's ghost
  1882 | D:3      | Reached XP level 5. HP: 1/53 MP: 4/4
  1980 | D:3      | Noticed Terence
  1988 | D:3      | Killed Terence
  2060 | D:3      | Noticed Natasha
  2066 | D:3      | Killed Natasha
  2118 | D:3      | Reached XP level 6. HP: 61/62 MP: 5/5
  2176 | D:3      | Noticed Natasha
  2179 | D:3      | Killed Natasha
  2551 | D:3      | Noticed Natasha
  2553 | D:3      | Killed Natasha
  2705 | D:4      | Reached skill level 5 in Unarmed Combat
  2759 | D:4      | Reached XP level 7. HP: 60/70 MP: 6/6
  2870 | D:4      | Noticed Sigmund
  2981 | D:4      | Killed Sigmund
  3073 | D:4      | Noticed Robin
  3320 | D:3      | Reached skill level 5 in Dodging
  3329 | D:3      | Killed Robin
  3334 | D:3      | Reached skill level 5 in Fighting
  3370 | D:4      | Found a bloodstained altar of Trog.
  3403 | D:4      | You fall through a shaft for 2 floors!
  3446 | D:5      | Entered Level 5 of the Dungeon
  3530 | D:5      | Reached XP level 8. HP: 65/80 MP: 7/7
  3619 | D:5      | Found a hazy altar of Hepliaklqana.
  3695 | D:5      | Got a polished trident
  3696 | D:5      | Identified the cursed +3 trident of Impeachment {pain, Stlth+} (You found it on level 5 of the Dungeon)
  3898 | D:4      | Found a sparkling altar of Nemelex Xobeh.
  4322 | D:6      | Found a runed gate.
  4322 | D:6      | Found a runed gate.
  4322 | D:6      | Found a runed gate.
  4330 | D:6      | Found a runed door.
  4330 | D:6      | Found a runed door.
  4615 | D:6      | Reached XP level 9. HP: 37/89 MP: 8/8
  4868 | D:6      | Found the +9 staff of Olgreb {rPois}
  5747 | D:7      | Found a staircase to the Ecumenical Temple.
  5772 | Temple   | Entered the Ecumenical Temple
  5787 | Temple   | Became a worshipper of Warmaster Okawaru
  5787 | Temple   | Reached * piety under Okawaru
  5787 | Temple   | Reached ** piety under Okawaru
  5958 | D:6      | Reached XP level 10. HP: 100/102 MP: 7/9
  6288 | D:8      | Found a burning altar of Makhleb.
  6580 | D:8      | Reached skill level 1 in Staves
  6649 | D:8      | Noticed tstbtto's ghost (novice GrFi)
  6651 | D:8      | Noticed a two-headed ogre
  6663 | D:8      | Reached skill level 1 in Evocations
  7204 | D:8      | Killed tstbtto's ghost
  7204 | D:8      | Reached *** piety under Okawaru
  7249 | D:8      | Found a staircase to the Lair.
  7433 | D:8      | Learned a level 2 spell: Swiftness
  7446 | D:8      | Found a blossoming altar of Fedhas.
  7653 | D:8      | Killed a two-headed ogre
  7653 | D:8      | Received a gift from Okawaru
  7653 | D:8      | Reached **** piety under Okawaru
  7845 | D:9      | Noticed Pikel
  7858 | D:9      | Reached XP level 11. HP: 58/113 MP: 10/12
  7877 | D:9      | Killed Pikel
  8543 | D:9      | Found a white marble altar of Elyvilon.
  8558 | D:9      | Paralysed by a hornet for 1 turns
  8587 | D:9      | Noticed a two-headed ogre
  8595 | D:9      | Killed a two-headed ogre
  8595 | D:9      | Reached ***** piety under Okawaru
  8766 | D:9      | Found a glowing silver altar of Zin.
  8767 | D:9      | Noticed a two-headed ogre
  8774 | D:9      | Killed a two-headed ogre
  8901 | D:9      | Noticed Erica
  8921 | D:9      | Killed Erica
  9253 | D:9      | Noticed a red ugly thing
  9254 | D:9      | Noticed a cyan ugly thing
  9266 | D:9      | Killed a red ugly thing
  9458 | D:10     | Entered Level 10 of the Dungeon
  9461 | D:10     | Noticed a deep elf mage
  9467 | D:10     | Killed a deep elf mage
  9621 | D:9      | Killed a cyan ugly thing
  9803 | D:9      | Noticed a two-headed ogre
  9807 | D:9      | Reached skill level 5 in Staves
 10023 | D:8      | Killed a two-headed ogre
 10574 | D:9      | Got a translucent quarterstaff
 10575 | D:9      | Identified the +4 quarterstaff "Leckosik" {venom, *Noise rF+ MR++ Int+3} (You found it on level 9 of the Dungeon)
 10872 | Lair:1   | Entered Level 1 of the Lair of Beasts
 10872 | Lair:1   | Noticed an eight-headed hydra
 10974 | D:8      | HP: 5/115 [eight-headed hydra (8)]
 10974 | D:8      | HP: 1/115 [eight-headed hydra (4)]
 11261 | D:11     | Noticed Sonja
 11273 | D:11     | Killed Sonja
 11309 | D:11     | Noticed a two-headed ogre
 11323 | D:11     | Killed a two-headed ogre
 11323 | D:11     | Reached skill level 1 in Shields
 11323 | D:11     | Reached XP level 12. HP: 74/124 MP: 0/14
 11433 | D:11     | Noticed Urug
 11459 | D:11     | Killed Urug
 11459 | D:11     | Reached skill level 5 in Evocations
 13119 | Lair:1   | Found the +3 robe of Folly {Archmagi, MR-- Int+5}
 13346 | Lair:1   | Received a gift from Okawaru
 13549 | Lair:1   | Noticed a four-headed hydra
 13675 | Lair:2   | Demolished by a spiny frog

Vault maps used:
D:1:      scummos_arrival_simple_crosswalls, serial_bayou,
          serial_bayou_lagoon_a, serial_bayou_shore_b, serial_bayou_pond_d,
          serial_bayou_shore_a, minmay_misc_feat_tower, bh_walls_and_bars
D:2:      tgw_xom, tso_oasis_becter, lemuel_doored_altar, first_ration
D:3:      eino_tiny_chamber, minmay_three_crescents, uniq_terence, uniq_natasha
D:4:      kennysheep_little_box, lemuel_coloured_pillars_altar,
          minmay_hedge_maze, uniq_robin, uniq_sigmund
D:5:      overflow_temple_1_default
D:6:      minmay_guarded_unrand_staff_of_olgreb
D:7:      minmay_temple_entry_butterflies, st_stairs_5
D:8:      fedhas_altar_4, dpeg_oklobed_lair, serial_ice, serial_ice_b,
          serial_ice_h, serial_ice_i, serial_ice_g, serial_ice_d, serial_ice_c,
          serial_ice_n, serial_ice_m, bloody_makhleb
D:9:      minmay_the_grid_four_pointed_star_mashed, lemuel_round_altar,
          elyvilon_altar_3, uniq_pikel, uniq_erica
D:11:     uniq_urug, uniq_sonja
Temple:   cyrus_circular_temple
Lair:1:   minmay_holes
Lair:2:   guppyfry_snake_entry_island

Skill      XL: |  1  2  3  4  5  6  7  8  9 10 11 12 |
---------------+-------------------------------------+-----
Fighting       | 3 4 5 6 7 8 9 |  9.7
Dodging        | 3 4 5 6 7 8 9 |  9.1
Unarmed Combat | 4 5 6 7 8 9 |  9.0
Staves         | 3 5 6 |  6.8
Evocations     | 3 4 5 |  5.4
Shields        | 1 2 |  2.5
Stealth        | |  1.0

Action                   |  1- 3 |  4- 6 |  7- 9 | 10-12 || total
-------------------------+-------+-------+-------+-------++-------
Melee: Unarmed           |   106 |   155 |   376 |   307 ||   944
       Punch             |     2 |     2 |     9 |    42 ||    55
       Staff             |       |       |       |   323 ||   323
Invok: Heroism           |       |       |     1 |    10 ||    11
Evoke: Staff of Olgreb   |       |       |       |    14 ||    14
  Use: Scroll            |       |       |     6 |     9 ||    15
       Potion            |       |       |       |     1 ||     1
 Stab: Sleeping          |     3 |     6 |     3 |     2 ||    14
       Distracted        |       |     1 |     1 |       ||     2
  Eat: Chunk             |    18 |    13 |    38 |    66 ||   135
Armor: Robe              |    41 |    64 |   116 |   165 ||   386
       Skin              |       |       |       |     7 ||     7
Dodge: Dodged            |    47 |    87 |   245 |   552 ||   931

Table legend:
 A = Spawn XP
 B = Non-spawn XP
 C = Spawn XP percentage of total XP
 D = Spawn monster count
 E = Non-spawn monster count
 F = Spawn count percentage of total count
 G = Total turns spent on level
                    A         B        C        D         E        F      G
               +---------+---------+-------+---------+---------+-------+---------
         Total |       0 |   27732 |   0.0 |       0 |     352 |   0.0 | 13675
               +---------+---------+-------+---------+---------+-------+---------
           D:1 |       0 |      63 |   0.0 |       0 |      29 |   0.0 |  1022
           D:2 |       0 |      86 |   0.0 |       0 |      32 |   0.0 |   798
           D:3 |       0 |     484 |   0.0 |       0 |      40 |   0.0 |  1090
           D:4 |       0 |     721 |   0.0 |       0 |      30 |   0.0 |   726
           D:5 |       0 |     204 |   0.0 |       0 |      13 |   0.0 |   591
           D:6 |       0 |    2484 |   0.0 |       0 |      36 |   0.0 |  1154
           D:7 |       0 |    1951 |   0.0 |       0 |      33 |   0.0 |  1255
           D:8 |       0 |    6581 |   0.0 |       0 |      58 |   0.0 |  2075
           D:9 |       0 |    6814 |   0.0 |       0 |      36 |   0.0 |  2263
          D:10 |       0 |    2240 |   0.0 |       0 |      18 |   0.0 |   800
          D:11 |       0 |    3598 |   0.0 |       0 |      14 |   0.0 |   972
        Lair:1 |       0 |    2168 |   0.0 |       0 |      11 |   0.0 |   797
        Lair:2 |       0 |     338 |   0.0 |       0 |       2 |   0.0 |   105
               +---------+---------+-------+---------+---------+-------+---------
